 Dungeon Crawl Stone Soup version 0.27.1-34-g3ba077fa99 (webtiles) character file.

Game seed: 16781559298134204799

1069 growler the Zephyrmancer (level 8, -3/41 HPs)
             Began as a Tengu Air Elementalist on Jan 27, 2022.
             Slain by a meliai zombie (9 damage)
             ... on level 6 of the Dungeon on Jan 28, 2022.
             The game lasted 00:14:48 (6269 turns).

growler the Zephyrmancer (Tengu Air Elementalist)   Turns: 6269, Time: 00:14:49

Health: -3/41      AC:  2    Str:  9    XL:     8   Next: 28%
Magic:  1/16       EV: 14    Int: 23    God:
Gold:   147        SH:  0    Dex: 15    Spells: 7/17 levels left

rFire    . . .     SeeInvis .   (no weapon)
rCold    . . .     Faith    .   (no shield)
rNeg     . . .     Spirit   .   a - +0 robe
rPois    .         Reflect  .   (helmet restricted)
rElec    .         Harm     .   (no cloak)
rCorr    .         Rampage  .   (no gloves)
Will     .....                  (boots unavailable)
Stlth    ++........             e - amulet of magic regeneration
HPRegen  0.13/turn              o - +6 ring of intelligence
MPRegen  0.40/turn              (no ring)

@: flying quickly and evasively, quick
A: beak, talons 3, nimble flight
a: no special abilities


You were on level 6 of the Dungeon.
You visited 1 branch of the dungeon, and saw 6 of its levels.

You collected 147 gold pieces.

Inventory:

Armour
 a - a +0 robe (worn)
Jewellery
 e - an amulet of magic regeneration (around neck)
   (You found it on level 3 of the Dungeon)
 n - a ring of positive energy
   (You found it on level 4 of the Dungeon)
 o - a +6 ring of intelligence (left hand)
   (You found it on level 4 of the Dungeon)
Wands
 f - a wand of polymorph (15)
   (You found it on level 5 of the Dungeon)
 r - a wand of mindburst (11)
   (You took it off a gnoll on level 5 of the Dungeon)
Scrolls
 c - 2 scrolls of magic mapping {unknown}
 g - 5 scrolls of identify {unknown}
 h - 3 scrolls of teleportation {unknown}
 i - 2 scrolls of fog {unknown}
 k - 2 scrolls of noise {unknown}
 m - a scroll of acquirement {unknown}
 p - 2 scrolls of amnesia {unknown}
 q - a scroll of fear {unknown}
 s - 3 scrolls of vulnerability {unknown}
 t - a scroll of brand weapon {unknown}
Potions
 b - 2 potions of curing {@q1}
 d - a potion of attraction {unknown}
 j - 2 potions of brilliance {unknown}
 l - a potion of mutation {unknown}


   Skills:
 - Level 2.1 Dodging
 - Level 2.0 Stealth
 - Level 5.0 Spellcasting
 + Level 7.5 Conjurations
 + Level 8.3 Air Magic


You had 7 spell levels left.
You knew the following spells:

 Your Spells              Type           Power      Damage    Failure   Level
a - Shock                 Conj/Air       100%       1d9       1%          1
b - Airstrike             Air            22%        N/A       3%          4
d - Static Discharge      Conj/Air       42%        N/A       1%          2
s - Swiftness             Air            44%        N/A       1%          3

Your spell library contained the following spells:

 Spells                   Type           Power      Damage    Failure   Level
 Magic Dart               Conj           100%       1d8       1%          1
 Slow                     Hex            5%         N/A       14%         2
 Confusing Touch          Hex            5%         N/A       28%         3
 Vampiric Draining        Necr           2%         2d6       28%         3
 Conjure Ball Lightning   Conj/Air       21%        3x3d6     50%         6
 Discord                  Hex            2%         N/A       100%        8
 Disjunction              Tloc           2%         N/A       100%        8


Dungeon Overview and Level Annotations

Branches:
Dungeon (6/15)
 Temple: D:4-7

Altars:
Elyvilon
Hepliaklqana
Makhleb
Nemelex Xobeh
Ru
Trog
Uskayaw
Wu Jian

Shops:
D:3 [


Innate Abilities, Weirdness & Mutations

You have a beak for a mouth.
You have claws for feet.
Your magical nature lets you fly swiftly and evasively.


Message History

As you open the door, it creaks loudly!
You hear an angry hiss.
A water moccasin comes into view.
A water moccasin is nearby!
You don't know that spell.
Aim: a water moccasin The air twists around and strikes the water moccasin!!
A meliai zombie comes into view.
Aim: a water moccasin (severely wounded)
The air twists around and strikes the water moccasin!
You kill the water moccasin!
The meliai zombie closely misses you. The meliai zombie hits you.
The meliai zombie hits you but does no damage.
The meliai zombie misses you.
A meliai zombie is nearby!
Unknown command.
Aim: a meliai zombie The air twists around and strikes the meliai zombie!
The meliai zombie closely misses you. The meliai zombie misses you.
A jelly comes into view.
Aim: a meliai zombie (moderately damaged)
The air twists around and strikes the meliai zombie!
The meliai zombie hits you. The meliai zombie barely misses you.
The meliai zombie hits you but does no damage.
The meliai zombie misses you.
You don't have enough magic to cast this spell.
Unknown command.
The meliai zombie misses you.
The meliai zombie completely misses you.
The meliai zombie barely misses you. The meliai zombie hits you.
The meliai zombie hits you. x2
The meliai zombie barely misses you. The meliai zombie hits you!
* * * LOW HITPOINT WARNING * * *
The meliai zombie closely misses you. The meliai zombie barely misses you.
The meliai zombie hits you.
* * * LOW HITPOINT WARNING * * *
The meliai zombie closely misses you.
Aim: a meliai zombie (heavily damaged)
The air twists around and strikes the meliai zombie!
The meliai zombie hits you.
* * * LOW HITPOINT WARNING * * *
The meliai zombie misses you.
Aim: a jelly (not susceptible)
Okay, then.
The meliai zombie barely misses you. The meliai zombie hits you.
* * * LOW HITPOINT WARNING * * *
The meliai zombie hits you!
* * * LOW HITPOINT WARNING * * *
The meliai zombie closely misses you.
You feel better. The meliai zombie hits you!
You die...

........(#≈.§#
#####...## .§#
#...# ...
#..J# ...
#...# .. #...#
§ ##.####
#Z##.# #
#@##<###.#
#......#.#
##.#.#.#.# #
#.###....#
##.###.#.....#
........##.#.#
####......#.#
#.#.####.#
###.#.####.#


You could see a jelly and a meliai zombie.

Vanquished Creatures
  4 water moccasins
  An ogre (D:5)
  2 scorpions (D:5)
  A water moccasin skeleton (D:5)
  An orc priest (D:5)
  3 hounds
  An orc wizard (D:3)
  A hound skeleton (D:4)
  4 gnolls (D:5)
  8 adders
  An ufetubus (D:5)
  5 dart slugs
  12 orcs
  4 endoplasms
  3 giant cockroaches
  6 goblins
  10 hobgoblins
  18 jackals
  A quokka (D:5)
  3 ball pythons (D:3)
  8 bats
  3 frilled lizards
  12 kobolds
  7 rats
119 creatures vanquished.

Vanquished Creatures (others)
  A wizard (D:4)
  5 fungi (D:5)
  A plant (D:4)
7 creatures vanquished.

Grand Total: 126 creatures vanquished

Notes
Turn   | Place    | Note
-------+----------+-------------------------------------------
     0 | D:1      | growler the Tengu Air Elementalist began the quest for the
                  | Orb.
     0 | D:1      | Reached XP level 1. HP: 10/10 MP: 4/4
   229 | D:1      | Reached XP level 2. HP: 15/15 MP: 3/6
   681 | D:1      | Reached XP level 3. HP: 16/19 MP: 0/7
  1355 | D:1      | Learned a level 2 spell: Static Discharge
  1359 | D:1      | Learned a level 3 spell: Swiftness
  1740 | D:2      | Reached XP level 4. HP: 24/24 MP: 6/9
  2199 | D:2      | Reached skill level 5 in Air Magic
  2223 | D:2      | Found a faded altar of an unknown god.
  2242 | D:2      | Got Plato's Tome of Conjuration
  2732 | D:3      | Found an ornate altar of the Wu Jian Council.
  2963 | D:3      | Gained mutation: Your magical nature lets you fly swiftly
                  | and evasively. [Tengu growth]
  2963 | D:3      | Reached XP level 5. HP: 8/28 MP: 0/10
  3188 | D:3      | Found Fahihuc's Armour Boutique.
  3257 | D:3      | Found a hide-covered altar of Uskayaw.
  3563 | D:3      | Found a sparkling altar of Nemelex Xobeh.
  4008 | D:4      | Found a hazy altar of Hepliaklqana.
  4316 | D:4      | Reached skill level 6 in Air Magic
  4316 | D:4      | Reached XP level 6. HP: 32/32 MP: 0/12
  4422 | D:4      | Found a bloodstained altar of Trog.
  4424 | D:4      | Noticed a wizard
  4429 | D:4      | Killed a wizard
  4578 | D:4      | Found a sacrificial altar of Ru.
  4622 | D:4      | Learned a level 4 spell: Airstrike
  4771 | D:5      | Entered Level 5 of the Dungeon
  4783 | D:5      | Found a burning altar of Makhleb.
  4935 | D:5      | Noticed a water moccasin
  4942 | D:5      | Killed a water moccasin
  4943 | D:5      | Reached skill level 5 in Conjurations
  5159 | D:5      | Reached XP level 7. HP: 36/36 MP: 9/14
  5354 | D:5      | Reached skill level 7 in Air Magic
  5803 | D:5      | Found a white marble altar of Elyvilon.
  5873 | D:5      | Reached skill level 5 in Spellcasting
  5873 | D:5      | Reached XP level 8. HP: 41/41 MP: 4/16
  6057 | D:5      | Reached skill level 8 in Air Magic
  6268 | D:6      | HP: 1/41 [meliai zombie (10)]
  6269 | D:6      | Slain by a meliai zombie

Illustrated notes

Levels and vault maps discovered:
D:1:      ncdulo_lavacross, layout_basic
D:2:      layout_basic, shapermc_ecumenical_altar_rom_forum
D:3:      layout_basic, nicolae_uskayaw_murder_on_the_dancefloor,
          nicolae_wu_jian_wuxing_cycle, nemelex_diamond_rough_becter,
          serial_shops, nicolae_diamond_shop, interstate_on_off, fountainhead
D:4:      layout_basic, nicolae_ru_awakened_eye,
          nicolae_hepliaklqana_hazy_memory, trog_wizard
D:5:      layout_gridville, mainiacjoe_overflow_cross_hatched, marbit_many_paths
D:6:      layout_loops_cross, evilmike_ruin_ashenzari,
          kennysheep_generic_room_16

Skill      XL: |  1  2  3  4  5  6  7  8 |
---------------+-------------------------+-----
Conjurations   | 2 3 4 5 6 7 |  7.5
Air Magic      | 5 6 7 8 |  8.3
Spellcasting   | 3 4 5 |  5.0
Dodging        | |  2.1
Stealth        | |  2.0

Action                   |  1- 3 |  4- 6 |  7- 9 || total
-------------------------+-------+-------+-------++-------
Melee: Unarmed           |       |    15 |       ||    15
       Kick              |       |     4 |       ||     4
       Peck              |       |     3 |       ||     3
 Cast: Shock             |    83 |   122 |     3 ||   208
       Static Discharge  |     2 |    25 |    16 ||    43
       Airstrike         |       |       |    10 ||    10
  Use: Potion            |       |     3 |     1 ||     4
Armor: Robe              |     1 |     4 |     3 ||     8
Dodge: Dodged            |     6 |    27 |    28 ||    61
